 Dungeon Crawl Stone Soup version 0.20.1-1-g8b1a95d (webtiles) character file.

9 Jazqa the Firebug (level 2, 0/27 HPs)
             Began as an Ogre Fire Elementalist on Oct 31, 2017.
             Slain by a giant cockroach (2 damage)
             ... on level 1 of the Dungeon.
             The game lasted 00:00:43 (151 turns).

Jazqa the Firebug (Ogre Fire Elementalist)           Turns: 151, Time: 00:00:43

Health: 0/27       AC:  3    Str: 11    XL:     2   Next: 16%
Magic:  2/5        EV:  9    Int: 16    God:
Gold:   24         SH:  0    Dex:  6    Spells: 5/6 levels left

rFire    . . .     SeeInvis .   d - +0 whip
rCold    . . .     Gourm    .   (no shield)
rNeg     . . .     Faith    .   a - +0 robe
rPois    .         Spirit   .   (helmet restricted)
rElec    .         Reflect  .   (no cloak)
rCorr    .         Harm     .   (gloves unavailable)
MR       .....                  (boots unavailable)
Stlth    +.........             (no amulet)
Regen    0.1/turn               f - -3 ring of dexterity (curse)
MPRegen  0.1/turn               (no ring)

@: no status effects
A: unfitting armour, tough skin 1
a: no special abilities


You were on level 1 of the Dungeon.
You were not hungry.

You visited 1 branch of the dungeon, and saw 1 of its levels.

You collected 24 gold pieces.


Innate Abilities, Weirdness & Mutations

You are too large for most types of armour.
You have tough skin. (AC +1)


   Skills:
 + Level 1.0 Fighting
 + Level 0.0 Maces & Flails
 - Level 1.7 Dodging
 - Level 1.4 Stealth
 + Level 2.5 Spellcasting
 + Level 1.2 Conjurations
 + Level 2.8 Fire Magic


You had 5 spell levels left.
You knew the following spells:

 Your Spells              Type           Power        Failure   Level  Hunger
z - Flame Tongue          Conj/Fire      #....        9%          1    #......

Inventory:

Hand Weapons
 d - a +0 whip (weapon)
Armour
 a - a +0 robe (worn)
Jewellery
 f - a cursed -3 ring of dexterity (left hand)
Potions
 e - a potion of degeneration {unknown}
Books
 b - a book of Flames

   Spells                             Type                      Level
   a - Flame Tongue                   Conjuration/Fire             1
   b - Throw Flame                    Conjuration/Fire             2
   c - Conjure Flame                  Conjuration/Fire             3
   d - Inner Flame                    Hexes/Fire                   3
   e - Sticky Flame                   Conjuration/Fire             4
   f - Fireball                       Conjuration/Fire             5
Comestibles
 c - a bread ration {@e1}
 g - 3 chunks of flesh

Dungeon Overview and Level Annotations

Branches:
Dungeon (1/15)

Altars:

#..# ...# ...# ... ..
.# #########. ..###
.....#..s##.....
#...)@....##
#............ ... ....
#......(..... ...
#..... #...$....>...
... #.....
##........... ...
#...).####.$.........
#.##
#......##.............
...
.............[........
#.
.(..(.(................
#.


You could see a giant cockroach.


Message History

Casting: Flame Tongue
Confirm with . or Enter, or press ? or * to list all spells.
Aiming: Flame Tongue
Press: ? - help, Shift-Dir - straight line, f/p - bat
Aim: a bat (moderately wounded)
The flame tongue hits the bat.
You kill the bat!
You see here 9 gold pieces.
The goblin hits you with a dagger of freezing.
* * * LOW HITPOINT WARNING * * *
The goblin freezes you.
* * * LOW HITPOINT WARNING * * *
A giant cockroach comes into view.
The giant cockroach moves out of view.
The goblin closely misses you.
You barely miss the goblin. The goblin barely misses you.
You barely miss the goblin.
The goblin hits you with a dagger of freezing.
* * * LOW HITPOINT WARNING * * *
The goblin freezes you.
* * * LOW HITPOINT WARNING * * *
You closely miss the goblin.
The giant cockroach bites you but does no damage.
The goblin hits you with a dagger of freezing.
* * * LOW HITPOINT WARNING * * *
The goblin freezes you.
* * * LOW HITPOINT WARNING * * *
You hit the goblin.
You kill the goblin!
The giant cockroach bites you.
You die...

Skill      XL: |  1 |
---------------+----+-----
Conjurations   | 1 |  1.2
Fighting       | 1 |  1.0
Dodging        | |  1.7
Stealth        | |  1.4
Spellcasting   | |  2.5
Fire Magic     | |  2.8

Action                   || total
-------------------------++-------
Melee: Whip              ||    16
 Cast: Flame Tongue      ||     8
Armor: Robe              ||     5
Dodge: Dodged            ||    13

Vault maps used:
D:1:      minmay_arrival_plants_in_alcoves, serial_bayou_crossing

Notes
Turn   | Place    | Note
-------+----------+-------------------------------------------
     0 | D:1      | Jazqa the Ogre Fire Elementalist began the quest for the Orb.
     0 | D:1      | Reached XP level 1. HP: 16/16 MP: 3/3
    24 | D:1      | Reached skill level 1 in Conjurations
   130 | D:1      | Reached skill level 1 in Fighting
   130 | D:1      | Reached XP level 2. HP: 18/27 MP: 3/5
   150 | D:1      | HP: 2/27 [goblin/dagger of freezing (1)]
   151 | D:1      | Slain by a giant cockroach

Vanquished Creatures
  2 bats (D:1)
  2 goblins (D:1)
  3 kobolds (D:1)
  A rat (D:1)
8 creatures vanquished.
